3349 views
Uploaded 2020-04-23 06:22:54
Game version 1.32.3
12:47 long 2on2 ladder game on (4)HillsbradCreek
Saved by zebroni
3349 views
Uploaded 2020-04-23 06:22:54
Game version 1.32.3
12:47 long 2on2 ladder game on (4)HillsbradCreek
48 units @ 6k
/ 0.5k
34 buildings @ 5.7k
/ 2.3k


| Healing Salve | 2 | 200 |
| Lesser Clarity Potion | 1 | 70 |
| Scroll of Speed | 1 | 50 |
| Dust of Appearance | 2 | 150 |
| Potion of Lesser Invulnerability | 1 | 150 |
| total: | 7 | 620g |
| Peon | 9 | 675 | / | 0 |
| Grunt | 5 | 1000 | / | 0 |
| Raider | 3 | 540 | / | 120 |
| Kodo Beast | 1 | 255 | / | 60 |
| Troll Witch Doctor | 3 | 435 | / | 75 |
| total: | 21 | 2905g | / | 255w |
| Watch Tower | 1 | 110 | / | 80 |
| Altar of Storms | 1 | 180 | / | 50 |
| Orc Burrow | 7 | 1120 | / | 280 |
| Barracks | 1 | 180 | / | 50 |
| Voodoo Lounge | 1 | 130 | / | 30 |
| War Mill | 1 | 205 | / | 0 |
| Great Hall | 1 | 385 | / | 185 |
| Beastiary | 2 | 290 | / | 280 |
| Spirit Lodge | 1 | 150 | / | 150 |
| Stronghold | 1 | 315 | / | 190 |
| Fortress | 1 | 325 | / | 190 |
| total: | 16 | 2750g | / | 1105w |
| 0:02 | Peon |
| 0:07 | Altar of Storms |
| 0:11 | Orc Burrow |
| 0:13 | Peon |
| 0:27 | Barracks |
| 0:36 | Peon |
| 0:47 | Peon |
| 1:19 | Peon |
| 1:30 | Grunt |
| 1:36 | Orc Burrow |
| 1:53 | Peon |
| 2:05 | Voodoo Lounge |
| 2:09 | Feral Spirit |
| 2:27 | Grunt |
| 2:40 | Orc Burrow |
| 2:54 | Grunt |
| 3:28 | War Mill |
| 3:31 | Orc Burrow |
| 4:09 | Stronghold |
| 4:18 | Dust of Appearance |
| 4:26 | Orc Burrow |
| 4:52 | Watch Tower |
| 4:56 | Grunt |
| 5:09 | Chain Lighting |
| 5:37 | Grunt |
| 6:41 | Feral Spirit |
| 6:44 | Peon |
| 6:44 | Peon |
| 6:47 | Beastiary |
| 6:50 | Beastiary |
| 6:51 | Peon |
| 7:09 | Healing Salve |
| 7:12 | Berserker Strength |
| 7:16 | Lesser Clarity Potion |
| 7:30 | Steel Armor |
| 7:51 | Pillage |
| 7:59 | Ensnare |
| 8:05 | Orc Burrow |
| 8:20 | War Stomp |
| 8:32 | Spirit Lodge |
| 8:36 | Potion of Lesser Invulnerability |
| 8:37 | Dust of Appearance |
| 9:08 | Raider |
| 9:10 | Orc Burrow |
| 9:12 | Healing Salve |
| 9:13 | Scroll of Speed |
| 9:40 | Kodo Beast |
| 9:52 | Witch Doctor Adept Training |
| 10:01 | Raider |
| 10:14 | Endurance Aura |
| 10:51 | Fortress |
| 10:55 | Troll Witch Doctor |
| 11:43 | Chain Lighting |
| 12:21 | War Stomp |
| 12:26 | Raider |
| 12:36 | Troll Witch Doctor |
| 12:37 | Troll Witch Doctor |
| 12:41 | Great Hall |

| Lesser Clarity Potion | 1 | 70 |
| Scroll of Town Portal | 1 | 350 |
| Healing Salve | 2 | 200 |
| total: | 4 | 620g |
| Wisp | 16 | 960 | / | 0 |
| Huntress | 11 | 2145 | / | 220 |
| total: | 27 | 3105g | / | 220w |
| Altar of Elders | 1 | 180 | / | 50 |
| Moon Well | 8 | 1440 | / | 320 |
| Ancient of War | 4 | 600 | / | 240 |
| Hunter's Hall | 1 | 210 | / | 100 |
| Ancient of Wonders | 1 | 90 | / | 30 |
| Ancient of Lore | 3 | 465 | / | 435 |
| Tree of Ages | 1 | 320 | / | 180 |
| total: | 18 | 2985g | / | 1175w |
| 0:03 | Wisp |
| 0:03 | Wisp |
| 0:09 | Altar of Elders |
| 0:18 | Moon Well |
| 0:19 | Wisp |
| 0:27 | Wisp |
| 0:36 | Wisp |
| 0:36 | Wisp |
| 0:43 | Wisp |
| 0:43 | Wisp |
| 0:52 | Wisp |
| 1:06 | Wisp |
| 1:19 | Wisp |
| 1:41 | Wisp |
| 1:45 | Wisp |
| 1:53 | Ancient of War |
| 1:58 | Hunter's Hall |
| 2:09 | Moon Well |
| 2:12 | Entangling Roots |
| 2:36 | Ancient of War |
| 2:44 | Moon Well |
| 3:03 | Wisp |
| 3:03 | Wisp |
| 3:22 | Ultravision |
| 3:26 | Moon Well |
| 3:34 | Ancient of War |
| 3:37 | Ancient of War |
| 3:47 | Moon Well |
| 3:50 | Huntress |
| 3:58 | Wisp |
| 4:16 | Huntress |
| 4:47 | Huntress |
| 5:16 | Moon Well |
| 5:30 | Huntress |
| 5:30 | Huntress |
| 5:43 | Huntress |
| 6:41 | Huntress |
| 6:59 | Huntress |
| 7:17 | Moon Well |
| 7:37 | Ancient of Wonders |
| 7:43 | Huntress |
| 7:57 | Huntress |
| 8:26 | Force of Nature |
| 8:44 | Tree of Ages |
| 9:15 | Huntress |
| 9:18 | Moon Well |
| 9:50 | Lesser Clarity Potion |
| 10:19 | Healing Salve |
| 10:19 | Healing Salve |
| 11:09 | Scroll of Town Portal |
| 11:33 | Ancient of Lore |
| 11:33 | Ancient of Lore |
| 12:43 | Ancient of Lore |
57 units @ 7.7k
/ 1k
26 buildings @ 4.2k
/ 1.9k


| Scroll of Town Portal | 2 | 700 |
| Potion of Lesser Invulnerability | 1 | 150 |
| total: | 3 | 850g |
| Wisp | 12 | 720 | / | 0 |
| Archer | 5 | 650 | / | 50 |
| Huntress | 1 | 195 | / | 20 |
| Dryad | 6 | 870 | / | 360 |
| Druid of the Claw | 1 | 255 | / | 80 |
| total: | 25 | 2690g | / | 510w |
| Ancient Protector | 2 | 270 | / | 160 |
| Altar of Elders | 1 | 180 | / | 50 |
| Moon Well | 5 | 900 | / | 200 |
| Ancient of War | 1 | 150 | / | 60 |
| Hunter's Hall | 1 | 210 | / | 100 |
| Ancient of Lore | 2 | 310 | / | 290 |
| Tree of Ages | 1 | 320 | / | 180 |
| Tree of Eternity | 1 | 330 | / | 200 |
| total: | 12 | 2020g | / | 860w |
| 0:05 | Wisp |
| 0:05 | Wisp |
| 0:09 | Altar of Elders |
| 0:20 | Moon Well |
| 0:21 | Wisp |
| 0:36 | Wisp |
| 0:41 | Wisp |
| 0:50 | Ancient of War |
| 0:52 | Wisp |
| 0:56 | Wisp |
| 1:27 | Moon Well |
| 1:34 | Wisp |
| 1:51 | Wisp |
| 1:54 | Archer |
| 1:55 | Wisp |
| 1:59 | Archer |
| 2:09 | Mana Burn |
| 2:35 | Archer |
| 2:36 | Archer |
| 2:40 | Wisp |
| 2:40 | Wisp |
| 2:52 | Hunter's Hall |
| 3:15 | Tree of Ages |
| 3:46 | Moon Well |
| 3:58 | Archer |
| 3:59 | Huntress |
| 4:08 | Strength of the Moon |
| 4:28 | Moon Well |
| 5:36 | Ancient Protector |
| 5:40 | Ancient of Lore |
| 5:41 | Ancient of Lore |
| 5:58 | Evasion |
| 6:20 | Moon Well |
| 6:53 | Dryad |
| 7:20 | Dryad |
| 7:22 | Dryad |
| 7:26 | Strength of the Wild |
| 7:43 | Potion of Lesser Invulnerability |
| 7:48 | Dryad |
| 8:01 | Entangling Roots |
| 8:15 | Dryad |
| 8:45 | Improved Strength of the Wild |
| 9:06 | Scroll of Town Portal |
| 9:49 | Tree of Eternity |
| 10:25 | Scroll of Town Portal |
| 10:31 | Druid of the Claw Adept Training |
| 10:51 | Reinforced Hides |
| 11:11 | Druid of the Claw |
| 11:15 | Ancient Protector |
| 11:32 | Dryad |
| 12:25 | Mana Burn |
| 12:29 | Thorns Aura |


| Healing Salve | 4 | 400 |
| Scroll of Speed | 2 | 100 |
| Lesser Clarity Potion | 1 | 70 |
| Circlet of Nobility | 5 | 875 |
| total: | 12 | 1445g |
| Peon | 14 | 1050 | / | 0 |
| Grunt | 6 | 1200 | / | 0 |
| Spirit Walker | 3 | 585 | / | 105 |
| Kodo Beast | 2 | 510 | / | 120 |
| Demolisher | 1 | 220 | / | 50 |
| Forest Troll Berserker | 6 | 1470 | / | 180 |
| total: | 32 | 5035g | / | 455w |
| Watch Tower | 1 | 110 | / | 80 |
| Altar of Storms | 1 | 180 | / | 50 |
| Orc Burrow | 5 | 800 | / | 200 |
| Voodoo Lounge | 1 | 130 | / | 30 |
| Barracks | 1 | 180 | / | 50 |
| War Mill | 1 | 205 | / | 0 |
| Tauren Totem | 3 | 405 | / | 465 |
| Beastiary | 1 | 145 | / | 140 |
| Stronghold | 3 | 945 | / | 570 |
| Fortress | 3 | 975 | / | 570 |
| total: | 14 | 2155g | / | 1015w |
| 0:03 | Peon |
| 0:03 | Peon |
| 0:03 | Peon |
| 0:09 | Altar of Storms |
| 0:21 | Peon |
| 0:36 | Orc Burrow |
| 0:42 | Peon |
| 0:42 | Peon |
| 0:42 | Peon |
| 0:50 | Peon |
| 0:50 | Peon |
| 0:50 | Peon |
| 1:08 | Voodoo Lounge |
| 1:11 | Peon |
| 1:11 | Peon |
| 1:11 | Peon |
| 1:12 | Peon |
| 1:40 | Barracks |
| 2:06 | Orc Burrow |
| 2:25 | Healing Salve |
| 2:29 | Wind Walk |
| 2:40 | Circlet of Nobility |
| 2:40 | Circlet of Nobility |
| 2:59 | Grunt |
| 3:14 | Stronghold |
| 3:15 | Stronghold |
| 3:16 | Grunt |
| 3:16 | Grunt |
| 3:41 | Orc Burrow |
| 4:10 | Grunt |
| 4:13 | War Mill |
| 4:54 | Healing Salve |
| 5:24 | Critical Strike |
| 5:37 | Berserker Strength |
| 5:39 | Tauren Totem |
| 5:47 | Beastiary |
| 6:07 | Forest Troll Berserker |
| 6:07 | Forest Troll Berserker |
| 6:07 | Forest Troll Berserker |
| 6:28 | Orc Burrow |
| 6:35 | Healing Salve |
| 6:35 | Scroll of Speed |
| 6:36 | Pillage |
| 6:44 | Hex |
| 7:06 | Spirit Walker |
| 7:13 | Orc Burrow |
| 7:31 | Critical Strike |
| 7:36 | Spirit Walker Adept Training |
| 7:37 | Spirit Walker |
| 7:49 | Circlet of Nobility |
| 7:49 | Circlet of Nobility |
| 7:49 | Circlet of Nobility |
| 7:58 | Kodo Beast |
| 8:37 | Kodo Beast |
| 8:46 | Tauren Totem |
| 8:50 | Demolisher |
| 8:53 | Healing Salve |
| 8:53 | Lesser Clarity Potion |
| 8:53 | Scroll of Speed |
| 9:11 | Tauren Totem |
| 9:46 | Watch Tower |
| 9:54 | Reinforced Defenses |
| 10:13 | Spirit Walker |
| 10:13 | Spirit Walker Master Training |
| 10:16 | Healing Wave |
| 10:36 | Grunt |
| 10:59 | Forest Troll Berserker |
| 10:59 | Forest Troll Berserker |
| 11:00 | Forest Troll Berserker |
| 11:16 | Fortress |
| 11:17 | Fortress |
| 11:19 | Grunt |